 Dungeon Crawl Stone Soup version 0.30.0-10-gfe55d96785 (webtiles) character file.

Game seed: 15759684772347854994

1596 retardedninja the Firebug (level 8, 0/60 HPs)
             Began as a Gnoll Fire Elementalist on May 15, 2023.
             Slain by a killer bee (7 damage)
             ... on level 7 of the Dungeon.
             The game lasted 00:11:38 (7959 turns).

retardedninja the Firebug (Gnoll Fire Elementalist) Turns: 7959, Time: 00:11:41

Health: 0/60       AC:  6    Str:  8    XL:     8   Next: 93%
Magic:  5/17       EV: 15    Int: 17    God:
Gold:   336        SH:  0    Dex: 18    Spells: 9/19 levels left

rFire   + . .        F - +0 flail
rCold   . . .        (no shield)
rNeg    . . .        a - +0 robe
rPois   .            q - +0 helmet
rElec   .            (no cloak)
rCorr   .            i - +2 pair of gloves
SInv    .            (no boots)
Will    .....        l - amulet of regeneration
Stlth   +++          x - ring of protection from fire
HPRegen 1.10/turn    y - +6 ring of dexterity
MPRegen 0.15/turn

%: no passive effects
@: about to teleport
A: fangs 1, strong nose, distributed training
a: no special abilities


You were on level 7 of the Dungeon.
You visited 2 branches of the dungeon, and saw 8 of its levels.

You collected 336 gold pieces.

Inventory:

Hand Weapons
 F - a +0 flail (weapon)
Armour
 a - a +0 robe (worn)
 i - a +2 pair of gloves (worn)
 q - a +0 helmet (worn)
Jewellery
 l - an amulet of regeneration (around neck)
 x - a ring of protection from fire (left hand)
 y - a +6 ring of dexterity (right hand)
 E - a ring of poison resistance
Wands
 g - a wand of polymorph (8)
 h - a wand of charming (4)
 v - a wand of acid (15)
Scrolls
 j - 2 scrolls of teleportation
 o - 2 scrolls of fear {unknown}
 r - a scroll of noise
 t - a scroll of immolation {unknown}
 w - a scroll of amnesia {unknown}
 C - a scroll of fog {unknown}
Potions
 b - 2 potions of invisibility
 c - a potion of degeneration {unknown}
 d - a potion of attraction {unknown}
 e - 2 potions of curing
 f - a potion of mutation
 k - 2 potions of resistance
 m - a potion of ambrosia
 n - 2 potions of berserk rage
 p - a potion of might
 s - 2 potions of lignification
 u - a potion of brilliance
 z - 3 potions of magic
 A - 2 potions of heal wounds
 B - a potion of haste


   Skills:
 + Level 3.8 Fighting
 + Level 3.8 Short Blades
 + Level 3.8 Long Blades
 + Level 3.8 Axes
 + Level 3.8 Maces & Flails
 + Level 3.8 Polearms
 + Level 3.8 Staves
 + Level 3.8 Ranged Weapons
 + Level 3.8 Throwing
 + Level 3.8 Armour
 + Level 6.0 Dodging
 + Level 5.7 Stealth
 + Level 3.8 Shields
 + Level 3.8 Unarmed Combat
 + Level 6.3 Spellcasting
 + Level 3.9 Conjurations
 + Level 3.1 Hexes
 + Level 3.1 Summonings
 + Level 3.1 Necromancy
 + Level 3.1 Translocations
 + Level 3.1 Transmutations
 + Level 6.3 Fire Magic
 + Level 3.1 Ice Magic
 + Level 3.1 Air Magic
 + Level 3.1 Earth Magic
 + Level 3.1 Poison Magic
 + Level 4.2 Invocations
 + Level 3.8 Evocations


You had 9 spell levels left.
You knew the following spells:

 Your Spells              Type           Power      Damage    Failure   Level
a - Foxfire               Conj/Fire      88%        2x1d8     1%          1
b - Scorch                Fire           54%        2d7       1%          2
c - Flame Wave            Conj/Fire      22%        2d8       16%         4
d - Inner Flame           Hex/Fire       21%        N/A       5%          3

Your spell library contained the following spells:

 Spells                   Type           Power      Damage    Failure   Level
 Ensorcelled Hibernation  Hex/Ice        32%        N/A       4%          2
 Passwall                 Tmut/Erth      13%        N/A       4%          2
 Volatile Blastmotes      Fire/Tloc      42%        2d13      5%          3
 Spider Form              Tmut/Pois      16%        N/A       10%         3
 Swiftness                Air            16%        N/A       10%         3
 Anguish                  Hex/Necr       8%         N/A       32%         4
 Passage of Golubria      Tloc           16%        N/A       32%         4
 Silence                  Hex/Air        8%         N/A       67%         5
 Summon Cactus Giant      Summ           8%         N/A       99%         6
 Lehudib's Crystal Spear  Conj/Erth      8%         10d4      100%        8


Dungeon Overview and Level Annotations

Branches:
Dungeon (7/15)             Temple (1/1) D:4

Altars:
Ashenzari
Elyvilon
Hepliaklqana
Kikubaaqudgha
Nemelex Xobeh
Okawaru
Qazlal
Ru
Sif Muna
Uskayaw
Wu Jian
Xom
Yredelemnul

Annotations:
D:6 2 transporters


Innate Abilities, Weirdness & Mutations

You have very sharp teeth.
Your uncanny sense of smell can sniff out nearby items.
Your experience applies equally to all skills.


Message History

Unknown command.
Unknown command.
Aiming: Corrosive Bolt
Press: ? - help, Q - select action, (/) - cycle Shift-Dir - straight line, f - killer bee
Aim: a killer bee (48% to hit)
The bolt of acid misses the killer bee.
You feel very sick. The killer bee misses you. The killer bee stings you.
The killer bee misses you. x2; The killer bee closely misses you.
The killer bee barely misses you.
Aiming: Corrosive Bolt
Press: ? - help, Q - select action, (/) - cycle Shift-Dir - straight line, f/p - killer bee
Aim: a killer bee (48% to hit)
The bolt of acid misses the killer bee.
You feel sick.
The killer bee is no longer more vulnerable to fire.
The killer bee stings you.
The killer bee stings you but does no damage.
The killer bee closely misses you. The killer bee stings you!
The killer bee stings you. x2
* * * LOW HITPOINT WARNING * * *
Aiming: Corrosive Bolt
Press: ? - help, Q - select action, (/) - cycle Shift-Dir - straight line, f/p - killer bee
Aim: a killer bee (48% to hit)
Okay, then.
You feel better.
The killer bee is no longer more vulnerable to fire.
The killer bee closely misses you. The killer bee stings you!
* * * LOW HITPOINT WARNING * * *
The killer bee barely misses you. x2; The killer bee misses you.
The killer bee barely misses you.
The orc priest invokes the aid of Beogh against you.
Beogh smites you!
* * * LOW HITPOINT WARNING * * *
As you read the scroll of teleportation, it crumbles to dust.
You feel strangely unstable. The killer bee barely misses you.
The killer bee stings you.
* * * LOW HITPOINT WARNING * * *
The killer bee misses you. The killer bee stings you!
You die...

.........
......... #.......
#.o.... #.....
#.o.. #. #... #.
#yy# #.#####y@#
#.....#..#
#........#
#.....#..#
#.....#.....
#.....#.......
#.....#.......
#.....#.......
.....
#####.....#.......
......


You could see 3 killer bees and 2 orc priests.

Vanquished Creatures
  Prince Ribbit (D:6)
  A black bear (D:6)
  A bullfrog (D:7)
  3 scorpions
  A gnoll sergeant (D:7)
  5 killer bees (D:7)
  A howler monkey (D:7)
  5 hounds
  A jelly (D:6)
  An orc priest (D:5)
  4 iguanas
  Terence (D:2)
  A gnoll bouda (D:7)
  6 orc wizards
  Robin (D:2)
  7 gnolls
  7 adders
  2 ufetubi
  2 worms (D:2)
  2 dart slugs (D:1)
  16 orcs
  5 endoplasms
  12 goblins
  10 hobgoblins
  8 jackals
  A quokka (D:1)
  4 ball pythons
  8 bats
  2 frilled lizards
  2 kobolds
  3 rats
124 creatures vanquished.

Vanquished Creatures (others)
  484 foxfires
484 creatures vanquished.

Grand Total: 608 creatures vanquished

Notes
Turn   | Place    | Note
-------+----------+-------------------------------------------
     0 | D:1      | retardedninja the Gnoll Fire Elementalist began the quest
                  | for the Orb.
     0 | D:1      | Reached XP level 1. HP: 13/13 MP: 6/6
   204 | D:1      | Reached XP level 2. HP: 19/19 MP: 4/7
   986 | D:2      | Noticed Terence
  1110 | D:1      | Learned a level 2 spell: Scorch
  1121 | D:2      | HP: 1/20 [Terence/+0 trident (6)]
  1123 | D:2      | Killed Terence
  1124 | D:2      | Reached skill level 5 in Spellcasting
  1124 | D:2      | Reached skill level 1 in Invocations
  1124 | D:2      | Reached XP level 3. HP: 10/25 MP: 1/9
  1227 | D:2      | Reached skill level 1 in Fighting
  1227 | D:2      | Reached skill level 1 in Short Blades
  1227 | D:2      | Reached skill level 1 in Long Blades
  1227 | D:2      | Reached skill level 1 in Axes
  1227 | D:2      | Reached skill level 1 in Maces & Flails
  1227 | D:2      | Reached skill level 1 in Polearms
  1227 | D:2      | Reached skill level 1 in Staves
  1227 | D:2      | Reached skill level 1 in Ranged Weapons
  1227 | D:2      | Reached skill level 1 in Throwing
  1227 | D:2      | Reached skill level 1 in Armour
  1227 | D:2      | Reached skill level 1 in Shields
  1227 | D:2      | Reached skill level 1 in Unarmed Combat
  1227 | D:2      | Reached skill level 1 in Evocations
  1674 | D:2      | Reached XP level 4. HP: 32/32 MP: 4/11
  1894 | D:2      | Noticed Robin
  1916 | D:2      | Killed Robin
  1917 | D:2      | Reached skill level 1 in Hexes
  1917 | D:2      | Reached skill level 1 in Summonings
  1917 | D:2      | Reached skill level 1 in Necromancy
  1917 | D:2      | Reached skill level 1 in Translocations
  1917 | D:2      | Reached skill level 1 in Transmutations
  1917 | D:2      | Reached skill level 1 in Ice Magic
  1917 | D:2      | Reached skill level 1 in Air Magic
  1917 | D:2      | Reached skill level 1 in Earth Magic
  1917 | D:2      | Reached skill level 1 in Poison Magic
  2604 | D:3      | Reached XP level 5. HP: 37/37 MP: 8/12
  3522 | D:4      | Reached XP level 6. HP: 44/44 MP: 8/13
  3627 | D:4      | Identified the +1 ring mail of the Moon Troll {rElec Str+2
                  | Int-3}
  3664 | D:4      | Found a staircase to the Ecumenical Temple.
  3676 | D:4      | Reached skill level 5 in Dodging
  3687 | Temple   | Entered the Ecumenical Temple
  4522 | D:5      | Entered Level 5 of the Dungeon
  5508 | D:6      | Found a basalt altar of Yredelemnul.
  5537 | D:6      | Reached XP level 7. HP: 48/51 MP: 12/15
  6033 | D:6      | Noticed Prince Ribbit
  6057 | D:6      | Killed Prince Ribbit
  6058 | D:6      | Reached skill level 5 in Stealth
  6073 | D:6      | Reached XP level 8. HP: 55/58 MP: 2/16
  6335 | D:6      | Found a transporter.
  6670 | D:6      | Learned a level 4 spell: Flame Wave
  6674 | D:6      | Learned a level 3 spell: Inner Flame
  7042 | D:6      | Found a transporter.
  7217 | D:7      | Found a hazy altar of Hepliaklqana.
  7959 | D:7      | Slain by a killer bee

Illustrated notes

Levels and vault maps discovered:
D:1:      nagdon_arrival_zigzag_paths, layout_basic
D:2:      layout_loops_ring, serial_rivers, chequers_serial_rivers_large_b,
          chequers_serial_rivers_small_3, chequers_serial_rivers_large_a,
          chequers_serial_rivers_small_3, chequers_serial_rivers_micro_c,
          chequers_serial_rivers_small_b, uniq_robin, uniq_terence,
          uniq_crazy_yiuf_cottage
D:3:      layout_basic
D:4:      layout_basic, minmay_temple_entry_stoned_glass, serial_curves,
          eino_curves_01, eino_curves_01, eino_curves_01, eino_curves_04
D:5:      layout_basic
D:6:      gammafunk_cloud_chamber, layout_basic,
          mainiacjoe_overflow_tiny_flanked, grunt_decor_mini_mirrors,
          uniq_prince_ribbit1
D:7:      layout_basic, nzn_hepliaklqana_mist_gate, vehumet_statue,
          chequers_serial_rivers_small_b
Temple:   minmay_freezing_vapour_temple

Skill      XL: |  1  2  3  4  5  6  7  8 |
---------------+-------------------------+-----
Conjurations   | 2 3 |  3.9
Spellcasting   | 5 6 |  6.3
Invocations    | 1 2 3 4 |  4.2
Fighting       | 1 2 3 |  3.8
Short Blades   | 1 2 3 |  3.8
Long Blades    | 1 2 3 |  3.8
Axes           | 1 2 3 |  3.8
Maces & Flails | 1 2 3 |  3.8
Polearms       | 1 2 3 |  3.8
Staves         | 1 2 3 |  3.8
Ranged Weapons | 1 2 3 |  3.8
Throwing       | 1 2 3 |  3.8
Armour         | 1 2 3 |  3.8
Shields        | 1 2 3 |  3.8
Unarmed Combat | 1 2 3 |  3.8
Evocations     | 1 2 3 |  3.8
Hexes          | 1 2 3 |  3.1
Summonings     | 1 2 3 |  3.1
Necromancy     | 1 2 3 |  3.1
Translocations | 1 2 3 |  3.1
Transmutations | 1 2 3 |  3.1
Ice Magic      | 1 2 3 |  3.1
Air Magic      | 1 2 3 |  3.1
Earth Magic    | 1 2 3 |  3.1
Poison Magic   | 1 2 3 |  3.1
Dodging        | 5 6 |  6.0
Stealth        | 5 |  5.7
Fire Magic     | 6 |  6.3

Action                     |  1- 3 |  4- 6 |  7- 9 || total
---------------------------+-------+-------+-------++-------
  Melee: Unarmed           |       |    16 |     9 ||    25
         Hand axe          |       |       |    21 ||    21
         Bite              |       |       |     2 ||     2
   Cast: Foxfire           |    61 |   134 |   101 ||   296
         Scorch            |     6 |    12 |    39 ||    57
  Evoke: Wand              |       |     1 |     3 ||     4
    Use: Potion            |     2 |       |     1 ||     3
         Scroll            |       |    13 |     2 ||    15
 Armour: Robe              |     3 |    32 |    20 ||    55
  Dodge: Dodged            |    10 |    72 |   111 ||   193
